 Dungeon Crawl Stone Soup version 0.29.0-4-gdea44cf6ec (webtiles) character file.

Game seed: 8107482647670217089

0 qw the Sneak (level 1, 0/14 HPs)
             Began as a Gargoyle Delver on Sept 10, 2022.
             Slain by an adder (1 damage)
             ... on level 5 of the Dungeon.
             The game lasted 00:00:00 (13 turns).

qw the Sneak (Gargoyle Delver)                        Turns: 13, Time: 00:00:01

Health: 0/14       AC:  5    Str: 15    XL:     1   Next: 0%
Magic:  1/1        EV: 11    Int: 10    God:
Gold:   0          SH:  0    Dex: 11    Spells: 0/0 levels left

rFire   . . .      SeeInvis .   a - +0 hand axe
rCold   . . .      Faith    .   (no shield)
rNeg    + . .      Spirit   .   b - +0 leather armour
rPois   inf        Reflect  .   (no helmet)
rElec   +          Harm     .   (no cloak)
rCorr   .          Rampage  .   (no gloves)
Will    .....                   (no boots)
Stlth   +++.......              (no amulet)
HPRegen 0.04/turn               (no ring)
MPRegen 0.07/turn               (no ring)

@: no status effects
A: sickness immunity, AC +2, negative energy resistance 1, electricity
resistance, torment resistance 1, petrification resistance
a: no special abilities


You were on level 5 of the Dungeon.
You visited 1 branch of the dungeon, and saw 1 of its levels.


Innate Abilities, Weirdness & Mutations

You are immune to sickness and miasma.
Your stone body is resilient. (AC +2)
You are immune to poison.
You resist negative energy. (rN+)
You are resistant to electric shocks. (rElec)
You are resistant to unholy torment.
You are immune to petrification.


   Skills:
 - Level 3.2 Fighting
 + Level 1.7 Axes
 - Level 1.5 Dodging
 - Level 5.4 Stealth


You couldn't memorise any spells.
You didn't know any spells.
Your spell library was empty.

Inventory:

Hand Weapons
 a - a +0 hand axe (weapon)
Armour
 b - a +0 leather armour (worn)
Wands
 g - a wand of digging (3)
Scrolls
 c - a scroll of fog
 d - a scroll of magic mapping
 e - a scroll of fear
Potions
 f - a potion of haste

Dungeon Overview and Level Annotations

Branches:
Dungeon (5/15)
 Temple: D:4-7

Altars:


Message History

You hit the orc priest.
The orc priest is lightly wounded.
You barely miss the adder. You barely miss the orc. The adder bites you.
The orc priest hits you but does no damage.
The orc hits you but does no damage. The adder closely misses you.
You hit the orc priest but do no damage.
The orc priest is lightly wounded.
You miss the adder. You hit the adder but do no damage.
You hit the orc but do no damage. The adder bites you.
The orc hits you but does no damage.
The orc priest hits you but does no damage.
The adder closely misses you. The adder bites you.
The orc hits you with a +0 club.
The orc priest hits you with a +0 dagger.
The orc hits you but does no damage.
You closely miss the orc priest. Your punch misses the orc priest.
The orc priest is lightly wounded.
You miss the adder. You hit the orc. You miss the adder.
You hit the orc but do no damage. The adder bites you. The adder misses you.
The orc closely misses you. The orc hits you but does no damage.
The adder closely misses you.
The orc priest hits you but does no damage.
The adder bites you but does no damage.
You closely miss the orc.
The orc is severely wounded.
You hit the orc. You hit the adder.
You hit the orc priest but do no damage.
You barely miss the adder. The adder bites you but does no damage.
The adder barely misses you. The orc barely misses you.
The orc priest hits you but does no damage.
The orc hits you but does no damage. The adder closely misses you.
You hit the orc.
You kill the orc!
You closely miss the orc. You hit the adder.
You hit the orc priest but do no damage.
You miss the adder. The adder bites you.
You die...

#.........
#......# ##
##.>....#|..
#.#..##.......
#........##:..
#...#.....#...
##..##.........
........)......
......?.@S..#...
........Soo..#
..
..#........#.# #
.?#.####.....
.... ......# ...
#.....# ..
######


You could see an orc priest, 2 adders and an orc.

Vanquished Creatures
  An orc (D:5)
1 creature vanquished.

Notes
Turn   | Place    | Note
-------+----------+-------------------------------------------
     0 | D:5      | qw the Gargoyle Delver began the quest for the Orb.
     0 | D:5      | Reached XP level 1. HP: 14/14 MP: 1/1
     0 | D:5      | 0 ||| qw: Version: 0.1-a-116-g5d60599
     0 | D:5      | 0 ||| qw: Game counter: 7757
     0 | D:5      | 0 ||| qw: Always use a shield: true
     0 | D:5      | 0 ||| qw: God list: Okawaru
     0 | D:5      | 0 ||| qw: Allow faded altars: false
     0 | D:5      | 0 ||| qw: Do Orc after D:15 true
     0 | D:5      | 0 ||| qw: Do second Lair branch before Depths: true
     0 | D:5      | 0 ||| qw: Lair rune preference: random
     0 | D:5      | 0 ||| qw: Plans: Normal
     0 | D:5      | 0 ||| PLANNING D:1-11
     2 | D:5      | Noticed an orc priest
    10 | D:5      | HP: 2/14 [orc priest/+0 dagger (2)]
    13 | D:5      | Slain by an adder

Levels and vault maps discovered:
D:5:      layout_rooms, gammafunk_ghost_gnarly_gnolls

Action                   || total
-------------------------++-------
Melee: Hand axe          ||     7
Armor: Leather armour    ||    12
Dodge: Dodged            ||     9

Table legend:
 A = Non-vault XP
 B = Vault XP
 C = Vault XP percentage of total XP
 D = Non-vault monster count
 E = Vault monster count
 F = Vault count percentage of total count
                 A         B        C        D         E       F
            +---------+---------+-------+---------+---------+-------
      Total |       3 |       0 |   0.0 |       1 |       0 |   0.0
            +---------+---------+-------+---------+---------+-------
        D:5 |       3 |       0 |   0.0 |       1 |       0 |   0.0
            +---------+---------+-------+---------+---------+-------
